 Dungeon Crawl Stone Soup version 0.31.0 (webtiles) character file.

Game seed: 5669963532682951830

3022 ces the Covert (level 9, -1/39 HPs)
             Began as a Spriggan Enchanter on Jan 20, 2024.
             Was an Initiate of Gozag.
             Slain by a killer bee (8 damage)
             ... on level 9 of the Dungeon.
             The game lasted 00:30:40 (9193 turns).

ces the Covert (Spriggan Enchanter)                 Turns: 9193, Time: 00:30:41

Health: -1/39      AC:  3    Str:  4    XL:     9   Next: 55%
Magic:  10/19      EV: 29    Int: 21    God:    Gozag
Gold:   703        SH:  0    Dex: 22    Spells: 6/20 levels left

rFire   . . .        W - +2 dagger (drain)
rCold   + . .        (no shield)
rNeg    . . .        b - +1 robe
rPois   .            (helmet restricted)
rElec   .            (no cloak)
rCorr   .            (gloves unavailable)
SInv    +            (boots unavailable)
Will    +....        (no amulet)
Stlth   ++++++       q - ring "Lerimawe" {rC+ Int+4 Dex+3}
HPRegen 0.26/turn    a - +5 ring of evasion
MPRegen 0.16/turn

%: no passive effects
@: lethally poisoned (-1 -> -6), gold aura, hasted, invisible, very quick
A: very small, no large weapons, unfitting armour, see invisible, speed 3
a: Renounce Religion, Potion Petition, Call Merchant, Bribe Branch


You were on level 9 of the Dungeon.
You worshipped Gozag.
Gozag was pleased with you.
You visited 2 branches of the dungeon, and saw 10 of its levels.

You collected 777 gold pieces.
You paid 74 gold pieces to Gozag.

Inventory:

Hand Weapons
 W - a +2 dagger of draining (weapon)
Missiles
 u - a throwing net (quivered)
Armour
 b - a +1 robe (worn)
Jewellery
 a - a +5 ring of evasion (right hand)
 p - a +6 ring of intelligence
 q - the ring "Lerimawe" (left hand) {rC+ Int+4 Dex+3}
   (You found it on level 7 of the Dungeon)

   [ring of protection from cold]

   Int+4:     It affects your intelligence (+4).
   Dex+3:     It affects your dexterity (+3).
   rC+:       It protects you from cold.
Talismans
 k - a maw talisman
Wands
 h - a wand of quicksilver (10)
 m - a wand of mindburst (22)
 s - a wand of polymorph (9)
 y - a wand of iceblast (8)
 B - a wand of charming (6)
Scrolls
 i - 3 scrolls of teleportation
 j - a scroll of summoning
 l - a scroll of vulnerability {unknown}
 n - a scroll of silence {unknown}
 t - a scroll of fear {unknown}
 w - a scroll of poison {unknown}
 z - 2 scrolls of noise {unknown}
Potions
 d - a potion of resistance {unknown}
 e - a potion of lignification
 f - 7 potions of curing {unknown}
 o - 2 potions of ambrosia {unknown}
 r - 4 potions of heal wounds {unknown}
 v - a potion of magic
 x - a potion of might {unknown}
 A - a potion of enlightenment {unknown}


   Skills:
 - Level 3.8 Short Blades
 + Level 7.9 Dodging
 * Level 13.7 Stealth
 + Level 6.3 Spellcasting
 + Level 8.1 Hexes
 + Level 1.2 Alchemy


You had 6 spell levels left.
You knew the following spells:

 Your Spells              Type           Power      Damage    Failure   Level
a - Ensorcelled Hibernat  Hex/Ice        46%        N/A       2%          2
b - Confusing Touch       Hex            40%        N/A       1%          3
c - Tukima's Dance        Hex            40%        N/A       1%          3
d - Dazzling Flash        Conj/Hex       46%        N/A       5%          3
e - Freeze                Ice            24%        1d4       10%         1
f - Summon Small Mammal   Summ           24%        N/A       10%         1
g - Sting                 Conj/Alch      36%        1d5       8%          1

Your spell library contained the following spells:

 Spells                   Type           Power      Damage    Failure   Level
 Cause Fear               Hex            20%        N/A       3%          4
 Inner Flame              Hex/Fire       23%        N/A       5%          3
 Static Discharge         Conj/Air       12%        3-4/arc   14%         2
 Anguish                  Hex/Necr       11%        N/A       19%         4
 Frozen Ramparts          Ice            12%        1d2       28%         3
 Hailstorm                Conj/Ice       6%         3d5       28%         3
 Ozocubu's Armour         Ice            6%         N/A       28%         3
 Metabolic Englaciation   Hex/Ice        11%        N/A       45%         5
 Sticky Flame             Fire/Alch      9%         2d5       58%         4
 Flame Wave               Conj/Fire      6%         2d5       67%         4
 Iskenderun's Battlesphe  Conj           6%         2d6       95%         5
 Sculpt Simulacrum        Ice/Alch       4%         N/A       100%        6
 Enfeeble                 Hex            20%        N/A       96%         7
 Maxwell's Capacitive Co  Air            3%         ∞         100%        8


Dungeon Overview and Level Annotations

Branches:
Dungeon (9/15)             Temple (1/1) D:5
   Lair: D:8-11         Orc: D:9-12

Altars:
Ashenzari
Dithmenos
Elyvilon
Fedhas
Gozag
Hepliaklqana
Kikubaaqudgha
Makhleb
Nemelex Xobeh
Okawaru
Qazlal
Ru
Sif Muna
Trog
Uskayaw
Vehumet
Wu Jian
Xom
Yredelemnul
Zin

Shops:
D:9 [

Annotations:
D:6 Menkaure


Innate Abilities, Weirdness & Mutations

You are very small and have problems with some larger weapons.
You are too small for most types of armour.
You have supernaturally acute eyesight. (SInv)
You cover ground extremely quickly. (Speed+++)


Message History

Aim: a killer bee (chance to affect: 64%)
The killer bee looks drowsy...
The killer bee completely misses you. The killer bee stings you.
You are poisoned.
The killer bee poisons you! The killer bee barely misses you.
The killer bee completely misses you.
The helpless killer bee fails to defend itself.
You stick the killer bee like a pincushion!!!!
You kill the killer bee!
You feel sick. The killer bee misses you. x2
The killer bee closely misses you. The killer bee completely misses you.
Casting: Ensorcelled Hibernation (safe; 2% risk of failure)
Confirm with . or Enter, or press ? or * to list all spells.
Aiming: Ensorcelled Hibernation (safe; 2% risk of failure)
Press: ? - help, Shift-Dir - straight line, f - killer bee
Aim: a killer bee (chance to affect: 64%)
The killer bee struggles to resist.
You feel sick. The killer bee completely misses you.
The killer bee barely misses you. The killer bee completely misses you.
The killer bee stings you but does no damage.
The killer bee stings you. x2
You feel sick. The killer bee stings you.
You are more poisoned.
The killer bee poisons you! The killer bee misses you. x2
You feel sick. The killer bee completely misses you.
You feel sick.
The killer bee attacks as it pursues you!
The killer bee misses you.
The killer bee attacks as it pursues you!
The killer bee completely misses you. x2
You feel sick.
The killer bee is distracted by your dazzling golden aura.
You feel yourself speed up.
You feel sick. The killer bee completely misses you. The killer bee stings you.
* * * LOW HITPOINT WARNING * * *
The killer bee closely misses you. The killer bee misses you.
You fade into invisibility!
You feel sick. The killer bee stings you!
You die...
Your body crumbles into a pile of gold.

+###+###'..'|......#... ..
#.......#..#...##+##... ..#
#.......#..#........... ..######
+###+###'###........... .......#
#................. .......#
#.................
.......#########.....#####...####
...........#..y......#...#...#...
...........$...y@....#.......#...
..######...#...y.....#.......'...
y$#....#####.........+.....(.#...
..#....#...#.........#...######'#
.#####.+...#.........#...#...#...
##P##..#...#######'###...#...#...
⌠_.'..##.......#.....#...#...#...
⌠_.'...#.......'.....#...#...#...
#####......#...#.....#...##'##...


You could see 3 killer bees.

Vanquished Creatures
  A hornet (D:8)
  A wyvern (D:5)
  2 water moccasins (D:7)
  Duvessa (D:6)
  A black bear (D:6)
  2 orc warriors
  2 ice beasts
  A centaur (D:8)
  A phantom (D:7)
  A gnoll sergeant (D:8)
  5 bullfrogs
  A kobold brigand (D:7)
  2 scorpions
  Dowan (D:6)
  3 killer bees (D:9)
  An electric eel (D:6)
  6 orc priests
  5 hounds
  2 jellies
  7 orc wizards
  2 sleepcaps
  4 iguanas
  2 gnolls (D:8)
  7 adders
  2 white imps
  4 dart slugs
  3 ribbon worms
  18 orcs
  8 bats
  5 endoplasms
  A giant cockroach (D:1)
  9 hobgoblins
  A quokka (D:2)
  3 ball pythons
  6 frilled lizards
  6 goblins
  18 kobolds
  22 rats
167 creatures vanquished.

Notes
Turn   | Place    | Note
-------+----------+-------------------------------------------
     0 | D:1      | ces the Spriggan Enchanter began the quest for the Orb.
     0 | D:1      | Reached XP level 1. HP: 9/9 MP: 5/5
   160 | D:1      | Reached XP level 2. HP: 8/13 MP: 6/6
   191 | D:1      | Reached skill level 5 in Stealth
   453 | D:1      | Learned a level 2 spell: Ensorcelled Hibernation
   689 | D:2      | Reached XP level 3. HP: 16/16 MP: 8/8
  1223 | D:2      | Reached skill level 6 in Stealth
  1359 | D:2      | Learned a level 3 spell: Confusing Touch
  1574 | D:2      | Reached XP level 4. HP: 21/21 MP: 10/10
  1676 | D:2      | Found a faded altar of an unknown god.
  2890 | D:4      | Reached skill level 7 in Stealth
  2890 | D:4      | Reached XP level 5. HP: 15/24 MP: 4/11
  3130 | D:5      | Entered Level 5 of the Dungeon
  3320 | D:5      | Reached skill level 5 in Hexes
  3320 | D:5      | Reached XP level 6. HP: 25/28 MP: 4/12
  3478 | D:5      | Reached skill level 8 in Stealth
  3492 | D:5      | Found a staircase to the Ecumenical Temple.
  3650 | D:5      | Noticed an orc warrior
  3651 | D:5      | Found a bloodstained altar of Trog.
  3657 | D:5      | Killed an orc warrior
  3663 | D:5      | Found a shimmering blue altar of Sif Muna.
  3668 | D:5      | Reached XP level 7. HP: 29/32 MP: 10/13
  3691 | D:5      | Got Sif Muna's Codex of Generative Refrigeration
  3696 | D:5      | Learned a level 3 spell: Tukima's Dance
  3700 | D:5      | Learned a level 3 spell: Dazzling Flash
  3702 | D:5      | Learned a level 1 spell: Freeze
  3704 | D:5      | Learned a level 1 spell: Summon Small Mammal
  3778 | D:5      | Noticed a wyvern
  3782 | D:5      | Reached skill level 9 in Stealth
  4303 | D:4      | Found a hazy altar of Hepliaklqana.
  4646 | D:5      | Killed a wyvern
  4647 | D:5      | Reached skill level 5 in Dodging
  4818 | D:6      | Noticed Dowan
  4819 | D:6      | Noticed Duvessa
  4821 | D:6      | Identified the +0 robe of Vanity {Harm rPois rF- Regen+}
  4935 | D:5      | Reached skill level 10 in Stealth
  5240 | Temple   | Entered the Ecumenical Temple
  5258 | Temple   | Became a worshipper of Gozag Ym Sagoz the Greedy
  5292 | D:6      | Killed Duvessa
  5298 | D:6      | Killed Dowan
  5299 | D:6      | Reached XP level 8. HP: 36/36 MP: 9/14
  5825 | D:6      | Noticed Menkaure
  6466 | D:6      | Reached skill level 11 in Stealth
  6815 | D:7      | Found a broken altar of Ashenzari.
  7019 | D:7      | Reached skill level 5 in Spellcasting
  7027 | D:7      | Reached skill level 12 in Stealth
  7191 | D:7      | Found a burning altar of Makhleb.
  7261 | D:7      | Reached XP level 9. HP: 39/39 MP: 10/18
  7381 | D:7      | Identified the ring "Lerimawe" {rC+ Int+4 Dex+3}
  7830 | D:8      | Reached skill level 13 in Stealth
  7951 | D:8      | Found an ornate altar of the Wu Jian Council.
  7952 | D:8      | Found a hide-covered altar of Uskayaw.
  8151 | D:8      | Got the Octavo of the Curious Hosts
  8154 | D:8      | Learned a level 1 spell: Sting
  8733 | D:8      | Reached skill level 1 in Alchemy
  9117 | D:9      | Found Mopyluamp's Antique Armour Shop.
  9156 | D:9      | Found a sparkling altar of Nemelex Xobeh.
  9156 | D:9      | Found a radiant altar of Vehumet.
  9193 | D:9      | Slain by a killer bee

Illustrated notes

Levels and vault maps discovered:
D:1:      dpeg_arrival_arbitrary_a, layout_rooms
D:2:      layout_rooms, hellmonk_ecumenical_altar_arch_garden, minmay_rat_hole
D:3:      layout_loops_ring
D:4:      layout_basic, nicolae_hepliaklqana_hazy_memory
D:5:      nicolae_BIG_FREAKIN_CUBE, layout_rooms,
          nzn_overflow_gifts_of_might_and_magic, minmay_temple_entry_mini_moons,
          item_on_display_a
D:6:      layout_rooms, serial_bayou_pond_e, chequers_big_river, uniq_menkaure,
          uniq_duvessa
D:7:      layout_gridville, lightli_temple_of_fire,
          ashenzari_conservatory_becter
D:8:      layout_basic, mainiacjoe_overflow_divided_tiny
D:9:      layout_grid_maze, mainiacjoe_overflow_24_doors, kennysheep_mini,
          gammafunk_temple_overflow_wave, serial_shops, shop, minmay_nine_imps,
          uniq_amaemon
Temple:   minmay_temple_curvy_loop

Skill      XL: |  1  2  3  4  5  6  7  8  9 |
---------------+----------------------------+-----
Stealth        | 5 6 7 8 10 12 13 | 13.7
Spellcasting   | 3 5 6 |  6.3
Hexes          | 4 5 6 7 8 |  8.1
Dodging        | 3 4 5 6 7 |  7.9
Short Blades   | 2 3 |  3.8
Alchemy        | 1 |  1.2

Action                     |  1- 3 |  4- 6 |  7- 9 || total
---------------------------+-------+-------+-------++-------
  Melee: Dagger            |   128 |    78 |   124 ||   330
   Cast: Ensorcelled Hiber |    23 |    28 |    79 ||   130
         Tukima's Dance    |       |       |     1 ||     1
         Confusing Touch   |       |       |     1 ||     1
  Evoke: Wand              |       |       |     3 ||     3
    Use: Potion            |       |     2 |     2 ||     4
         Scroll            |       |     1 |     7 ||     8
   Stab: Sleeping          |    23 |    30 |    57 ||   110
         Invisible         |       |     1 |       ||     1
         Confused          |       |       |     1 ||     1
         Distracted        |       |       |     1 ||     1
 Armour: Robe              |    26 |    36 |    42 ||   104
         Skin              |       |     3 |       ||     3
  Dodge: Dodged            |    83 |    54 |   105 ||   242
